 Dungeon Crawl Stone Soup version 0.29-a0-284-gf9362112df (webtiles) character file.

Game seed: 93627528094631918

18 NinjaNoafa the Ducker (level 2, -7/22 HPs)
             Began as a Merfolk Gladiator on Mar 29, 2022.
             Was a Follower of Trog.
             Killed by an exploding jackal (21 damage)
             ... ignited by their inner flame
             ... on level 1 of the Dungeon.
             The game lasted 00:07:40 (1002 turns).

NinjaNoafa the Ducker (Merfolk Gladiator)           Turns: 1002, Time: 00:07:48

Health: -7/22      AC:  4    Str: 14    XL:     2   Next: 66%
Magic:  2/2        EV: 13    Int:  7    God:    Trog [*.....]
Gold:   30         SH:  0    Dex: 15    Spells: 1/1 levels left

rFire   . . .      SeeInvis +   a - +0 trident
rCold   . . .      Faith    .   (no shield)
rNeg    . . .      Spirit   .   b - +0 leather armour
rPois   .          Reflect  .   c - +0 helmet
rElec   .          Harm     .   (no cloak)
rCorr   .          Rampage  .   (no gloves)
Will    .....                   (no boots)
Stlth   +.........              (no amulet)
HPRegen 0.07/turn               f - ring of see invisible
MPRegen 0.08/turn               (no ring)

@: no status effects
A: (nimble swimmer 2), mertail
a: Renounce Religion, Berserk


You were on level 1 of the Dungeon.
You worshipped Trog.
Trog was aware of your devotion.
You visited 1 branch of the dungeon, and saw 1 of its levels.

You collected 30 gold pieces.

Inventory:

Hand Weapons
 a - a +0 trident (weapon)
Missiles
 d - 2 throwing nets (quivered)
Armour
 b - a +0 leather armour (worn)
 c - a +0 helmet (worn)
Jewellery
 f - a ring of see invisible (left hand)
Scrolls
 h - a scroll of identify {unknown}


   Skills:
 + Level 2.2 Fighting
 + Level 4.4 Polearms
 + Level 2.1 Throwing
 + Level 0.1 Armour
 + Level 4.5 Dodging


You had one spell level left.
You didn't know any spells.
Your spell library contained the following spells:

 Spells                   Type           Power      Damage    Failure   Level
 Static Discharge         Conj/Air       0%         N/A       65%         2
 Lightning Bolt           Conj/Air       0%         1d11      100%        5
 Maxwell's Capacitive Co  Air            0%         ∞         100%        8


Dungeon Overview and Level Annotations

Branches:
Dungeon (1/15)

Altars:
Trog


Innate Abilities, Weirdness & Mutations

((You are very nimble when in or above water. (Stealth+, EV+, Speed+++)))
Your lower body shifts to a powerful aquatic tail in water.


Message History

The kobold hits you but does no damage. The kobold hits you with a +0 dagger.
You puncture the kobold!
You kill the kobold!
Trog accepts your kill. The frilled lizard bites you.
Things that are here:
a +0 dagger; 4 stones You closely miss the frilled lizard.
The frilled lizard closely misses you.
You hit the frilled lizard but do no damage.
The frilled lizard misses you.
You closely miss the frilled lizard. The frilled lizard closely misses you.
You hit the frilled lizard but do no damage.
The frilled lizard bites you but does no damage.
You hit the frilled lizard.
You kill the frilled lizard!
Trog accepts your kill.
You see here a +0 dagger. 2 jackals come into view.
Found 3 gold pieces.
The jackal barks!
You throw a javelin.
The javelin pierces through the jackal but does no damage.
The jackal bites you but does no damage.
The jackal misses you.
You barely miss the jackal. The jackal closely misses you.
The jackal bites you but does no damage.
The jackal misses you.
As you read the scroll labelled HAOSSO PESAGH, it crumbles to dust.
The creatures around you are filled with an inner flame!
It was a scroll of immolation.
The jackal misses you. The jackal closely misses you.
The jackal bites you but does no damage.
You puncture the jackal! Trog accepts your kill.
The jackal explodes!
The fiery explosion engulfs the jackal!!!
Trog accepts your kill. The fiery explosion engulfs you!!
Ouch! That really hurt!
You die...

#.#####.#≈≈≈≈♣≈♣≈≈≈≈# #.#
#.#≈.♣.....P.≈# #####.###
#.#≈♣♣♣...PPP≈# #.......#
#.#♣.♣.....P.♣###
#.......#
#..≈....<....≈..#
#.......#
###♣.P.....P.♣#.#
#.......#####≈PPP...PPP≈#
#
#....)......#≈.P.....P.≈#
#.......#§@.#≈...♣.♣...≈#
#).^....#§§.#≈≈≈≈♣.♣≈≈≈≈#
#.......#§§§######.######
#.......#..... #.#....#
#.......#...... #....#
#########.......
####..... #....... ....
######### ... ..


There were no monsters in sight!

Vanquished Creatures
  A dart slug (D:1)
  A bat (D:1)
  3 endoplasms (D:1)
  4 goblins (D:1)
  A hobgoblin (D:1)
  2 jackals (D:1)
  A kobold (D:1)
  A quokka (D:1)
  A frilled lizard (D:1)
15 creatures vanquished.

Vanquished Creatures (others)
  12 plants (D:1)
  5 toadstools (D:1)
  15 withered plants (D:1)
32 creatures vanquished.

Grand Total: 47 creatures vanquished

Notes
Turn   | Place    | Note
-------+----------+-------------------------------------------
     0 | D:1      | NinjaNoafa the Merfolk Gladiator began the quest for the
                  | Orb.
     0 | D:1      | Reached XP level 1. HP: 16/16 MP: 1/1
   343 | D:1      | Found a faded altar of an unknown god.
   391 | D:1      | Prayed at the altar of an unknown god.
   391 | D:1      | Became a worshipper of Trog the Wrathful
   391 | D:1      | Reached * piety under Trog
   507 | D:1      | Reached XP level 2. HP: 17/22 MP: 2/2
  1002 | D:1      | Killed by an exploding jackal... ignited by their inner
                  | flame

Illustrated notes

Levels and vault maps discovered:
D:1:      ldierk_walled_garden, layout_rooms,
          shapermc_ecumenical_altar_flowoftime

Action                   || total
-------------------------++-------
Melee: Trident           ||   161
       Punch             ||     2
Throw: Throwing net      ||     4
       Javelin           ||     2
  Use: Scroll            ||     1
       Potion            ||     1
Armor: Leather armour    ||    17
Dodge: Dodged            ||    55

Table legend: (Time is in decaauts)
 A = Elapsed time spent in this place.
 B = Non-inter-level travel time spent in this place.
 C = Inter-level travel time spent in this place.
 D = Time resting spent in this place.
 E = Time spent auto-exploring this place.
 F = Levels seen in this place.
 G = Mean time per level.
                   A        B        C        D        E       F      G
               +--------+--------+--------+--------+--------+-----+--------+
         Total |   1010 |   1010 |      0 |    558 |     10 |   1 | 1010.0 |
       Dungeon |   1010 |   1010 |      0 |    558 |     10 |   1 | 1010.0 |
               +--------+--------+--------+--------+--------+-----+--------+

Top non-repeatable levels by time:
     D:1: 1010 daAuts
